Map: New Gettysburg LE

Players

Darkel - Winner!

  • Race: Terran Terran
  • League: Silver

Gracz

  • Race: Protoss Protoss
  • League: Bronze

VOD

Have the link to the VOD?

Description

Time

  • Played on: Sept. 17, 2016, 8:30 a.m.
  • Length: 11:07
Show
View Real Time Build Order
Export as new Build Order

Darkel Terran - Winner!

Build Orders: MMM Bio 

Get SALT Encoding   

  12  0:01  SCV  
  13  0:13  SCV  
  14  0:21  Supply Depot  
  14  0:25  SCV  
  15  0:42  Refinery, SCV  
  16  0:46  Barracks  
  16  0:54  SCV  
  17  1:01  Supply Depot  
  17  1:06  SCV  
  18  1:18  SCV  
  19  1:39  Command Center  
  19  1:41  Marine  
  19  1:43  SCV  
  21  1:55  SCV  
  22  2:03  Barracks  
  22  2:06  Barracks Tech Lab  
  22  2:30  Stimpack  
  22  2:34  Marine  
  23  2:39  SCV  
  23  2:40  Barracks  
  24  2:51  SCV  
  25  2:52  Marine  
  25  2:55  Marine  
  27  3:06  SCV  
  27  3:07  Barracks  
  27  3:10  Marauder  
  30  3:15  Supply Depot  
  30  3:19  Supply Depot  
  30  3:20  SCV  
  30  3:22  SCV  
  32  3:32  Orbital Command  
  32  3:35  SCV  
  32  3:41  Marine  
  33  3:43  Marine  
  33  3:48  SCV  
  36  3:49  Marauder  
  38  3:59  Factory  
  38  4:00  SCV  
  38  4:01  SCV  
  40  4:12  SCV  
  40  4:13  SCV  
  40  4:14  Marine x2  
  40  4:15  Marine  
  40  4:16  Marine  
  46  4:31  Supply Depot  
  46  4:32  Marine x3  
  46  4:35  Marauder  
  46  4:36  Supply Depot  
  46  4:54  Marine x3  
  46  4:56  Marauder  
  51  5:03  SCV x2  
  53  5:12  Marine x3  
  56  5:14  Factory Tech Lab  
  56  5:15  SCV  
  56  5:17  Marauder  
  59  5:25  Starport  
  59  5:30  Marine x3  
  62  5:39  Marauder  
  64  5:44  Combat Shields  
  64  5:47  Marine  
  64  5:48  Marine x2  
  65  5:57  Engineering Bay  
  65  5:58  Engineering Bay  
  65  6:00  Marauder  
  64  6:05  Marine x2  
  64  6:06  Marine, SCV x2  
  69  6:18  SCV  
  67  6:22  Marauder  
  67  6:23  Marine x3  
  72  6:32  Medivac  
  74  6:39  Refinery  
  74  6:43  Marauder  
  74  6:46  Missile Turret  
  76  6:47  Missile Turret  
  76  7:00  Supply Depot  
  76  7:02  Supply Depot  
  76  7:16  Medivac  
  77  7:57  Marine x3  
  80  7:59  Marauder  
  80  8:02  Siege Tank  
  85  8:09  Liberator  
  83  8:15  Marine x3  
  84  8:23  Marine  
  79  8:35  Marine  
  79  8:36  Marine  
  79  8:37  Marine  
  67  9:04  Orbital Command  
  53  9:42  SCV  
  54  9:54  SCV  
  55  10:30  Supply Depot  
  55  10:52  Supply Depot  
Show
View Real Time Build Order
Export as new Build Order

Gracz Protoss 

Build Orders:  

Get SALT Encoding   

  12  0:02  Probe (Chrono Boost)  
  13  0:16  Pylon  
  13  0:28  Probe (Chrono Boost)  
  14  0:45  Gateway  
  14  0:50  Probe (Chrono Boost)  
  15  0:57  Pylon  
  15  1:24  Gateway  
  15  1:27  Gateway x2  
  15  1:38  Cybernetics Core  
  15  1:40  Assimilator  
  15  1:41  Probe (Chrono Boost)  
  16  1:59  Assimilator, Probe (Chrono Boost)  
  17  2:10  Probe (Chrono Boost)  
  18  2:20  Probe (Chrono Boost)  
  19  2:31  Probe (Chrono Boost)  
  20  2:41  Probe (Chrono Boost)  
  21  2:47  Stalker  
  21  2:48  Stalker  
  25  2:52  Probe (Chrono Boost)  
  26  3:02  Probe (Chrono Boost)  
  26  3:05  Sentry  
  29  3:13  Probe (Chrono Boost)  
  30  3:23  Probe (Chrono Boost)  
  31  3:30  Pylon  
  31  3:44  Pylon  
  31  3:48  Stalker x2, Warp Gate, Probe (Chrono Boost)  
  36  3:49  Robotics Facility  
  36  3:52  Stalker  
  32  4:55  Stalker x3  
  32  4:58  Warp Prism  
  40  5:12  Nexus  
  40  5:17  Gateway  
  40  5:22  Pylon  
  40  5:26  Pylon, Probe (Chrono Boost)  
  41  5:38  Probe (Chrono Boost)  
  43  5:50  Probe (Chrono Boost)  
  39  6:32  Stargate  
  39  6:33  Stargate  
  39  6:35  Stalker x3  
  39  6:36  Stargate  
  45  6:46  Probe (Chrono Boost)  
  47  6:48  Probe (Chrono Boost)  
  47  6:57  Probe (Chrono Boost)  
  47  6:58  Gateway  
  47  7:00  Probe (Chrono Boost)  
  47  7:01  Gateway  
  49  7:08  Probe (Chrono Boost)  
  50  7:10  Stalker  
  50  7:12  Probe (Chrono Boost)  
  53  7:18  Probe (Chrono Boost)  
  54  7:32  Pylon  
  54  7:36  Stalker  
  56  7:37  Stalker x4  
  56  7:39  Void Ray  
  56  7:43  Probe (Chrono Boost)  
  70  7:44  Probe (Chrono Boost)  
  57  8:07  Stalker  
  57  8:09  Sentry  
  61  8:16  Stalker  
  39  9:56  Pylon  
  39  10:28  Pylon  
Tags
 
Add a new tag
Caveats
  • Supply blocks, unpowered buildings, or Contaminate may cause inaccurate times.
  • Supply counts are checked every 10 seconds.